 Dungeon Crawl Stone Soup version 0.24.0-125-gc4c63601f3 (webtiles) character file.

Game seed: 16801406212735105565, levelgen mode: deterministic

43691 Trinsec the Brawler (level 13, -9/122 HPs)
             Began as a Troll Monk on Feb 18, 2020.
             Was the Champion of Wu Jian.
             Mangled by a troll (14 damage)
             ... on level 14 of the Dungeon.
             The game lasted 01:46:43 (17816 turns).

Trinsec the Brawler (Troll Monk)                   Turns: 17816, Time: 01:46:43

Health: -9/122     AC:  8    Str: 28    XL:     13   Next: 92%
Magic:  13/13      EV: 14    Int:  1    God:    Wu Jian [******]
Gold:   466        SH:  9    Dex: 16    Spells: 11/13 levels left

rFire    . . .     SeeInvis .     - Unarmed
rCold    + + .     Gourm    +   P - +0 shield {rN+}
rNeg     + . .     Faith    .   R - +0 robe of Hopscotch {rC++ Str+2 Int-5}
rPois    .         Spirit   .   (helmet restricted)
rElec    +         Reflect  .   q - +1 cloak of Unambiguity {rElec}
rCorr    .         Harm     .   (gloves unavailable)
MR       .....                  (boots unavailable)
Stlth    +++.......             x - amulet of the acrobat
HPRegen  0.70/turn              g - ring of flight
MPRegen  0.13/turn              f - +4 ring of strength

@: no status effects
A: large, unfitting armour, claws 3, fast metabolism 3, gourmand, regeneration
1, shaggy fur 1, tough skin 3
a: Wall Jump, Serpent's Lash, Heavenly Storm, Renounce Religion, Evoke Flight


You were on level 14 of the Dungeon.
You worshipped Wu Jian.
Wu Jian was exalted by your worship.
You were very full.

You visited 5 branches of the dungeon, and saw 19 of its levels.
You also visited: Sewer and Ice Cave.

You collected 1576 gold pieces.
You spent 1110 gold pieces at shops.

Inventory:

Missiles
 c - 18 boomerangs (quivered)
 h - 83 poisoned darts
 l - 11 large rocks
Armour
 q - the +1 cloak of Unambiguity (worn) {rElec}
   (You acquired it on level 5 of the Dungeon)

   It insulates you from electricity.
 r - a +2 robe of positive energy
 A - a +2 cloak
 J - a +4 troll leather armour
 K - a +0 troll leather armour
 N - the +0 robe of the Blind Marksman {rElec rN+}
   (You found it on level 12 of the Dungeon)

   It insulates you from electricity.
   It protects you from negative energy.
 P - a +0 shield of positive energy (worn)
 R - the +0 robe of Hopscotch (worn) {rC++ Str+2 Int-5}
   (You took it off a centaur warrior on level 13 of the Dungeon)

   It affects your strength (+2).
   It affects your intelligence (-5).
   It greatly protects you from cold.
 Y - a +0 troll leather armour
Jewellery
 f - a +4 ring of strength (right claw)
 g - a ring of flight (left claw)
 o - an uncursed ring of teleportation
 p - an uncursed amulet of faith
 s - an uncursed amulet of rage
 x - an amulet of the acrobat (around neck)
 y - a +4 ring of intelligence
 B - an uncursed ring of magical power
 D - an uncursed ring of fire
 E - an uncursed amulet of magic regeneration
 U - a +3 ring of dexterity {unknown}
 X - an uncursed ring of ice {unknown}
Wands
 w - a wand of random effects (78)
 C - a wand of flame (23)
 I - a wand of iceblast (19)
Scrolls
 k - a scroll of noise
 m - 2 scrolls of fear
 n - 3 scrolls of magic mapping
 u - 4 scrolls of remove curse
 v - 6 scrolls of teleportation
 G - a scroll of blinking
 Q - a scroll of amnesia
 S - 2 scrolls of enchant weapon
 V - a scroll of fog
Potions
 e - 4 potions of lignification
 i - 7 potions of curing
 j - 3 potions of flight
 z - a potion of agility {unknown}
 F - 4 potions of cancellation
 M - a potion of haste
 O - a potion of resistance {unknown}
 T - a potion of magic {unknown}
Miscellaneous
 a - a lightning rod (4/4)
 d - a crystal ball of energy
 t - 2 boxes of beasts
 H - a lamp of fire
 L - a phantom mirror
Comestibles
 b - 21 rations
 W - 3 chunks of flesh


   Skills:
 * Level 6.5 Fighting
 * Level 4.9 Armour
 * Level 9.2 Dodging
 * Level 6.5 Stealth
 * Level 1.9 Shields
 + Level 16.4 Unarmed Combat
 + Level 0.9 Spellcasting
 + Level 1.0 Summonings
 + Level 0.2 Translocations
 + Level 0.5 Evocations


You had 11 spell levels left.
You knew the following spells:

 Your Spells              Type           Power        Failure   Level  Hunger
a - Apportation           Tloc           #.....       95%         1    ##.....
b - Summon Butterflies    Summ           #.......     88%         1    ##.....

Your spell library contained the following spells:

 Spells                   Type           Power        Failure   Level  Hunger
 Corona                   Hex            #......      96%         1    ##.....
 Freeze                   Ice            #...         96%         1    ##.....
 Sting                    Conj/Pois      #...         96%         1    ##.....
 Ensorcelled Hibernation  Hex/Ice        #.....       99%         2    ###....
 Call Canine Familiar     Summ           #.......     99%         3    ####...
 Confuse                  Hex            #.......     100%        3    ####...
 Dazzling Spray           Conj/Hex       #.....       100%        3    ####...
 Ignite Poison            Fire/Tmut/Pois #.......     100%        3    ####...
 Lesser Beckoning         Tloc           #.........   100%        3    ####...
 Ozocubu's Armour         Chrm/Ice       #.......     100%        3    ####...
 Tukima's Dance           Hex            #.......     100%        3    ####...
 Ice Form                 Ice/Tmut       #.......     100%        4    #####..
 Summon Ice Beast         Ice/Summ       #.......     100%        4    #####..
 Alistair's Intoxication  Tmut/Pois      #.......     100%        5    ######.
 Metabolic Englaciation   Hex/Ice        #.........   100%        5    ######.
 Summon Mana Viper        Hex/Summ       #.......     100%        5    ######.
 Venom Bolt               Conj/Pois      #.........   100%        5    ######.
 Bolt of Cold             Conj/Ice       #.........   100%        6    #######
 Freezing Cloud           Conj/Ice/Air   #.........   100%        6    #######
 Invisibility             Hex            #.......     100%        6    #######
 Ozocubu's Refrigeration  Ice            #.........   100%        6    #######
 Simulacrum               Ice/Necr       #.........   100%        6    #######
 Summon Hydra             Summ           #.........   100%        7    #######


Dungeon Overview and Level Annotations

Branches:
Dungeon (14/15)            Temple (1/1) D:5            Lair (1/6) D:11
    Orc (2/2) D:9             Elf (1/3) Orc:2         Sewer (visited)
  IceCv (visited)
 Vaults: D:13-14

Altars:
Ashenzari
Cheibriados
Dithmenos
Elyvilon
Fedhas
Gozag
Hepliaklqana
Kikubaaqudgha
Makhleb
Nemelex Xobeh
Okawaru
Qazlal
Ru
Sif Muna
Trog
Uskayaw
Vehumet
Wu Jian
Xom
Yredelemnul
Zin
The Shining One
Beogh

Shops:
D:6 *   D:10 (   Orc:2 ?[}[


Innate Abilities, Weirdness & Mutations

You are too large for most types of armour.
You have claws for hands.
Your metabolism is lightning-fast.
You like to eat raw meat.
Your natural rate of healing is unusually fast.
You are covered in fur. (AC +1)
You have extremely tough skin. (AC +3)


Message History

The troll closely misses you.
You closely miss the troll.
The troll is heavily wounded.
The troll misses you. x2; The troll barely misses you.
Your shield prevents you from hitting the troll.
The troll is heavily wounded.
The troll bites you!!
* * * LOW HITPOINT WARNING * * *
The troll barely misses you. You block the troll's attack.
You claw the troll!
The troll is severely wounded.
The troll bites you!
* * * LOW HITPOINT WARNING * * *
The troll misses you. You block the troll's attack.
You barely miss the troll.
The troll is severely wounded.
You closely miss the troll.
The troll is severely wounded.
The troll closely misses you. The troll claws you!
You die...

##...............##.
#..$.............# .
#.................
.........% ##
#.........
..##.........
.'.........
#T)########
#)@##.....#
#####.(.......#
#.............#
#.............#
######.......(.#
#....#.........+
#....###..(..(.#
#....#≈####....# ##
#.>..#≈≈≈##....# #.


You could see a troll.

Vanquished Creatures
  A stone giant (Orc:1)
  Harold (D:11)
  4 centaur warriors
  A hydra (D:11)
  2 tengu warriors
  5 two-headed ogres
  An unseen horror (D:12)
  The ghost of FishyPogo the Slasher, a novice GnCK of Xom (D:6)
  3 orc knights
  9 orc sorcerers
  3 deep elf magi (Orc:2)
  An ugly thing (D:12)
  3 manticores
  3 cyclopes
  A centaur zombie (D:12)
  A black mamba (Lair:1)
  Maurice (D:12)
  A gargoyle (D:14)
  Psyche (D:10)
  3 kobold demonologists
  2 rime drakes (D:11)
  A redback zombie (D:13)
  A komodo dragon (Lair:1)
  A tengu conjurer (D:14)
  7 trolls
  3 hippogriffs
  4 slime creatures (D:12)
  A vampire (D:12)
  An air elemental (Orc:2)
  A wraith (D:13)
  A centaur simulacrum (D:9)
  A spriggan (D:9)
  Grum (D:11)
  15 yaks
  A hungry ghost (D:7)
  4 vampire mosquitoes (D:13)
  10 wargs
  3 water moccasins
  Edmund (D:4)
  2 soldier ants
  A porcupine (Lair:1)
  3 ice beasts
  4 phantoms
  25 orc warriors
  A sky beast (D:12)
  A necrophage (D:5)
  2 black bears
  7 ogres
  3 wolves
  18 centaurs
  18 big kobolds
  Blork the orc (Orc:2)
  11 bullfrogs
  2 gnoll sergeants
  3 scorpions
  15 killer bees
  10 wights
  4 howler monkeys
  6 crimson imps
  2 quasits
  7 hounds
  45 orc wizards
  18 orc priests
  2 bullfrog skeletons
  4 centaur skeletons
  6 jellies
  Natasha (twice) (D:2)
  6 iguanas
  10 worker ants
  A hound skeleton (D:4)
  A worker ant zombie (D:6)
  17 adders
  4 river rats
  5 shadow imps
  2 oozes
  2 adder skeletons
  2 worms
  6 leopard geckos
  118 orcs
  3 ball pythons
  6 giant cockroaches
  6 goblins
  7 hobgoblins
  7 jackals
  2 quokkas
  6 bats
  6 frilled lizards
  22 kobolds
  2 leopard gecko skeletons
  12 rats
581 creatures vanquished.

Vanquished Creatures (collateral kills)
  An orc wizard (Orc:2)
  An orc (Orc:2)
2 creatures vanquished.

Vanquished Creatures (others)
  An orc (Orc:1)
1 creature vanquished.

Grand Total: 584 creatures vanquished

Notes
Turn   | Place    | Note
-------+----------+-------------------------------------------
     0 | D:1      | Trinsec the Troll Monk began the quest for the Orb.
     0 | D:1      | Reached XP level 1. HP: 22/22 MP: 0/0
   394 | D:1      | Reached XP level 2. HP: 29/29 MP: 1/1
   743 | D:2      | Reached XP level 3. HP: 34/36 MP: 2/2
   768 | D:2      | Found an iron altar of Okawaru.
   884 | D:2      | Found a shadowy altar of Dithmenos.
   902 | D:2      | Noticed Natasha
   932 | D:2      | Killed Natasha
   932 | D:2      | Reached skill level 4 in Unarmed Combat
  1204 | D:2      | Noticed Natasha
  1226 | D:2      | Reached XP level 4. HP: 19/44 MP: 3/3
  1232 | D:2      | Killed Natasha
  1274 | D:2      | Found a sacrificial altar of Ru.
  1370 | D:3      | Found a shimmering altar of Xom.
  1449 | D:3      | Found a snail-covered altar of Cheibriados.
  1559 | D:3      | Found a white marble altar of Elyvilon.
  1804 | D:3      | Reached XP level 5. HP: 19/50 MP: 4/4
  1948 | D:3      | Found a glowing silver altar of Zin.
  1952 | D:3      | Found a hide-covered altar of Uskayaw.
  1977 | D:3      | Found an iron altar of Okawaru.
  2211 | D:4      | Reached skill level 5 in Unarmed Combat
  2277 | D:4      | Reached XP level 6. HP: 53/59 MP: 5/5
  2292 | D:4      | Found a glowing drain.
  2297 | Sewer    | Entered a sewer
  2512 | Sewer    | Found a white marble altar of Elyvilon.
  2682 | D:4      | Reached skill level 6 in Unarmed Combat
  2978 | D:4      | Reached XP level 7. HP: 66/66 MP: 6/6
  3019 | D:4      | Found a burning altar of Makhleb.
  3297 | D:4      | Noticed Edmund
  3310 | D:4      | Killed Edmund
  3478 | D:5      | Entered Level 5 of the Dungeon
  3501 | D:5      | Reached skill level 7 in Unarmed Combat
  3616 | D:5      | Reached XP level 8. HP: 37/75 MP: 7/7
  3760 | D:5      | Reached skill level 8 in Unarmed Combat
  3780 | D:5      | Found a shimmering blue altar of Sif Muna.
  3882 | D:5      | Found a staircase to the Ecumenical Temple.
  3891 | Temple   | Entered the Ecumenical Temple
  3925 | Temple   | Became a worshipper of the Wu Jian Council
  3925 | Temple   | Reached * piety under Wu Jian
  3925 | Temple   | Reached ** piety under Wu Jian
  4043 | D:5      | Identified a scroll of acquirement
  4044 | D:5      | Got a slimy cloak
  4050 | D:5      | Identified the +1 cloak of Unambiguity {rElec} (You
                  | acquired it on level 5 of the Dungeon)
  4524 | D:6      | Found Odiprai's Assorted Antiques.
  4560 | D:6      | Bought a scroll labeled ETEDEO XYODD for 20 gold pieces
  4561 | D:6      | Bought a scroll of enchant armour for 150 gold pieces
  5081 | D:6      | Found a runed translucent gate.
  5081 | D:6      | Found a runed translucent gate.
  5081 | D:6      | Found a runed translucent gate.
  5082 | D:6      | Noticed FishyPogo's ghost (novice GnCK)
  5187 | D:6      | Killed FishyPogo's ghost
  5187 | D:6      | Reached skill level 9 in Unarmed Combat
  5413 | D:7      | Reached skill level 5 in Dodging
  5413 | D:7      | Reached XP level 9. HP: 81/81 MP: 8/8
  6199 | D:8      | Reached skill level 10 in Unarmed Combat
  6745 | D:8      | Noticed a two-headed ogre
  6751 | D:8      | Killed a two-headed ogre
  6751 | D:8      | Reached skill level 11 in Unarmed Combat
  6859 | D:8      | Reached *** piety under Wu Jian
  7218 | D:8      | Reached XP level 10. HP: 89/91 MP: 9/9
  7552 | D:9      | Reached skill level 12 in Unarmed Combat
  7816 | D:9      | Reached **** piety under Wu Jian
  8556 | D:9      | Found a staircase to the Orcish Mines.
  8816 | Orc:1    | Entered Level 1 of the Orcish Mines
  8822 | Orc:1    | Noticed an orc sorcerer
  8863 | D:10     | Entered Level 10 of the Dungeon
  8863 | D:10     | Noticed Psyche
  8872 | D:10     | Killed Psyche
  8982 | D:10     | Reached skill level 13 in Unarmed Combat
  9013 | D:10     | Learned a level 1 spell: Apportation
  9151 | D:10     | Found Rozxaxalo's Antique Weapon Emporium.
  9252 | D:10     | Found a blossoming altar of Fedhas.
  9261 | D:10     | Reached XP level 11. HP: 98/98 MP: 10/10
  9649 | D:10     | Identified the Disquisition on the Nocuous Frostbite
  9671 | D:10     | Learned a level 1 spell: Summon Butterflies
 10039 | D:9      | Killed an orc sorcerer
 10344 | Orc:1    | Noticed a stone giant
 10556 | Orc:1    | Killed a stone giant
 10556 | Orc:1    | Reached skill level 1 in Summonings
 10558 | Orc:1    | Noticed an orc knight
 10573 | Orc:1    | Killed an orc knight
 10842 | Orc:1    | Noticed an orc knight
 10867 | Orc:1    | Killed an orc knight
 10867 | Orc:1    | Reached skill level 5 in Stealth
 11174 | Orc:2    | Entered Level 2 of the Orcish Mines
 11417 | Orc:2    | Noticed an orc sorcerer
 11442 | Orc:2    | Noticed a soul eater
 11549 | Orc:2    | Reached skill level 14 in Unarmed Combat
 11599 | Orc:2    | Found a staircase to the Elven Halls.
 11615 | Orc:2    | Noticed Blork the orc
 11616 | Orc:2    | Noticed a +3 demon blade
 11616 | Orc:2    | Noticed an orc knight
 11649 | Orc:2    | Killed an orc knight
 11649 | Orc:2    | Reached skill level 1 in Armour
 11668 | Orc:2    | Killed Blork the orc
 11836 | Orc:2    | Noticed an orc sorcerer
 11836 | Orc:2    | Noticed an orc sorcerer
 11838 | Orc:2    | Noticed a sun demon
 11845 | Orc:2    | Killed an orc sorcerer
 11892 | Orc:2    | Noticed a sixfirhy
 11895 | Orc:2    | Killed an orc sorcerer
 12031 | Orc:2    | Killed an orc sorcerer
 12044 | Orc:2    | Reached ***** piety under Wu Jian
 12066 | Orc:2    | Noticed an orc sorcerer
 12075 | Orc:2    | Killed an orc sorcerer
 12163 | Orc:2    | Found Joutient's Antique Armour Emporium.
 12163 | Orc:2    | Found Zigyosog's Gadget Boutique.
 12213 | Orc:2    | Bought a lightning rod (4/4) for 440 gold pieces
 12213 | Orc:2    | Bought a crystal ball of energy for 220 gold pieces
 12213 | Orc:2    | Bought a box of beasts for 220 gold pieces
 12227 | Orc:2    | Noticed an orc sorcerer
 12230 | Orc:2    | Noticed an orc sorcerer
 12241 | Orc:2    | Killed an orc sorcerer
 12241 | Orc:2    | Reached XP level 12. HP: 56/109 MP: 12/12
 12408 | Orc:2    | Found a roughly hewn altar of Beogh.
 12604 | Orc:2    | Found Anihamuy's Magic Scroll Boutique.
 12604 | Orc:2    | Found Galomes's Antique Armour Emporium.
 12619 | Orc:2    | Bought a scroll of identify for 30 gold pieces
 12619 | Orc:2    | Bought a scroll of identify for 30 gold pieces
 13222 | Elf:1    | Entered Level 1 of the Elven Halls
 13362 | Orc:2    | Reached skill level 5 in Fighting
 13362 | Orc:2    | Reached skill level 15 in Unarmed Combat
 13522 | D:11     | Noticed Harold
 13544 | D:11     | Noticed Grum
 13919 | D:11     | Found a frozen archway.
 13944 | D:11     | Reached ****** piety under Wu Jian
 14065 | D:11     | Found a staircase to the Lair.
 14075 | D:11     | Killed Grum
 14104 | IceCv    | Entered an ice cave
 14124 | D:11     | Noticed a two-headed ogre
 14132 | D:11     | Killed Harold
 14132 | D:11     | Killed a two-headed ogre
 14481 | Lair:1   | Entered Level 1 of the Lair of Beasts
 14626 | Lair:1   | Noticed a five-headed hydra
 14729 | D:11     | Killed a 13-headed hydra
 14843 | D:12     | Noticed Maurice
 14851 | D:12     | Killed Maurice
 15016 | D:12     | Reached XP level 13. HP: 111/119 MP: 13/13
 15303 | D:12     | Got a brightly glowing robe
 15328 | D:12     | Identified the +0 robe of the Blind Marksman {rElec rN+}
                  | (You found it on level 12 of the Dungeon)
 16021 | D:13     | Reached skill level 16 in Unarmed Combat
 16060 | D:12     | HP: 6/120 [tengu warrior/+2 war axe of chopping[a tengu
                  | warrior] (5)]
 16462 | D:13     | Found a glowing silver altar of Zin.
 16505 | D:13     | Identified the +0 robe of Hopscotch {rC++ Str+2 Int-5}
 16634 | D:13     | Reached skill level 1 in Shields
 17385 | D:14     | Found a hazy altar of Hepliaklqana.
 17814 | D:14     | HP: 4/122 [troll (10)]
 17816 | D:14     | Mangled by a troll

Levels and vault maps discovered:
D:1:      tarquinn_simple_flora_water_f, layout_basic, serial_curves,
          eino_curves_02, eino_curves_01, corexii_leaking_fountain
D:2:      layout_rooms, nicolae_overflow_crystal_walls,
          nicolae_dithmenos_shadow_blocks, okawaru_ov_weapons_minmay,
          uniq_natasha
D:3:      layout_basic, elyvilon_altar_4, minmay_overflow_temple_star_quad,
          cheibriados_altar_1, xom_teletrap_fun
D:4:      layout_basic, makhleb_blood_cavern_becter, gup_sewer_entry_spiral,
          uniq_edmund
D:5:      layout_loops_ring, lemuel_doored_altar, lemuel_temple_firewalk_b,
          first_ration
D:6:      layout_cave_pods, serial_shops,
          nicolae_shop_temple_entry_statues_fountains,
          gammafunk_ghost_necromancy
D:7:      layout_cave_pods
D:8:      minmay_razor_zed, layout_loops_ring
D:9:      layout_rooms, david_orc_4, grunt_pizzeria, eino_jars
D:10:     layout_loops_cross, serial_shops, nicolae_shop_stone, chequers_jeans,
          library_closet, fedhas_bush_and_centaur_altar, uniq_psyche
D:11:     layout_cave_pools, erik_lair_orcish_takeover, portal_ice_cave_rime,
          serial_park, serial_park_square1 [serial_park_minivault_5x5_1],
          serial_park_tiny_pond, serial_park_square3
          [serial_park_minivault_5x5_7], uniq_grum, uniq_harold
D:12:     layout_loops_ring, minmay_joined_circles, uniq_maurice
D:13:     layout_long_grid, lemuel_altar_in_water
D:14:     layout_gridville, grunt_vaults_entry_fortified, basic_altar,
          infiniplex_staircase_pool, chequers_serial_rivers_small_3
Temple:   cyrus_circular_temple
Lair:1:   layout_roguey, serial_bayou_shore_b, grunt_megastairs_3,
          lemuel_fruit_fields
Orc:1:    layout_caves, special_room [special_room_kobold]
Orc:2:    st_orc_town, layout_caves, sword_in_stone
Elf:1:    minmay_elf_arrival_plus, layout_geoelf_grid, evilmike_minifort,
          roderic_lattice_octagonal_star

Skill      XL: |  1  2  3  4  5  6  7  8  9 10 11 12 13 |
---------------+----------------------------------------+-----
Dodging        | 3 4 5 6 7 8 9 |  9.2
Unarmed Combat | 4 5 6 7 9 11 13 14 15 16 | 16.4
Fighting       | 3 4 5 6 |  6.5
Stealth        | 2 3 4 5 6 |  6.5
Summonings     | 1 |  1.0
Armour         | 1 3 4 |  4.9
Shields        | 1 |  1.9
Spellcasting   | |  0.9
Translocations | |  0.2
Evocations     | |  0.5

Action                   |  1- 3 |  4- 6 |  7- 9 | 10-12 | 13-15 || total
-------------------------+-------+-------+-------+-------+-------++-------
Melee: Unarmed           |    91 |   166 |   292 |   940 |   316 ||  1805
       Punch             |       |     4 |    16 |    79 |    11 ||   110
 Cast: Apportation       |       |       |       |    10 |       ||    10
       Summon Butterflie |       |       |       |     6 |       ||     6
Invok: Whirlwind         |       |       |    73 |   238 |    27 ||   338
       Lunge             |       |       |    39 |   110 |    36 ||   185
Evoke: Box of beasts     |       |       |       |     1 |       ||     1
       Lightning rod     |       |       |       |       |     2 ||     2
       Wand              |       |       |       |       |     1 ||     1
  Use: Scroll            |     7 |     7 |     9 |    12 |     3 ||    38
       Potion            |       |     3 |     1 |    16 |       ||    20
 Stab: Sleeping          |     3 |     6 |     8 |    19 |    10 ||    46
       Distracted        |       |       |       |     3 |     1 ||     4
       Invisible         |       |       |       |     8 |       ||     8
  Eat: Chunk             |    14 |    13 |    42 |    74 |    25 ||   168
       Ration            |       |       |     2 |       |       ||     2
Armor: Robe              |    48 |    58 |    60 |    88 |    35 ||   289
       Troll leather arm |       |       |       |   152 |    20 ||   172
Dodge: Dodged            |    61 |    76 |    94 |   561 |   157 ||   949
Block: Shield            |       |       |       |       |    67 ||    67
